 Dungeon Sprint DCSS version 0.31-a0-210-gccc998df9b (webtiles) character file.

Game seed: 14858535563014944821

0 123456 the Shield-Bearer (level 1, 0/19 HPs)
             Began as a Minotaur Fighter on June 30, 2023.
             Was an Initiate of Makhleb.
             Slain by a shadow imp (3 damage)
             ... in the Dungeon (Sprint VI: "Thunderdome").
             The game lasted 00:00:47 (35 turns).

123456 the Shield-Bearer (Minotaur Fighter)           Turns: 35, Time: 00:00:47

Health: 0/19       AC:  6    Str: 20    XL:     1   Next: 0%
Magic:  0/0        EV:  9    Int:  5    God:    Makhleb [......]
Gold:   95         SH:  4    Dex:  9    Spells: 0/0 levels left

rFire   . . .        a - +0 flail
rCold   . . .        c - +0 buckler
rNeg    . . .        b - +0 scale mail
rPois   .            (helmet restricted)
rElec   .            (no cloak)
rCorr   .            (no gloves)
SInv    .            (no boots)
Will    .....        (no amulet) Stlth
                     (no ring)
HPRegen 0.23/turn    (no ring)
MPRegen 0.07/turn

%: no teleportation
@: no status effects
A: horns 2, retaliatory headbutt
a: Renounce Religion


You were in the Dungeon.
You worshipped Makhleb.
Makhleb was noncommittal.
You visited 1 branch You collected 200 gold pieces.
You spent 105 gold pieces at shops.

Inventory:

Hand Weapons
 a - a +0 flail (weapon)
Armour
 b - a +0 scale mail (worn)
 c - a +0 buckler (worn)
Wands
 k - a wand of quicksilver (5)
 l - a wand of roots (5)
Scrolls
 j - 4 scrolls of blinking
 m - 3 scrolls of fog
Potions
 d - a potion of might
 e - a potion of curing
 f - 7 potions of heal wounds
 g - 4 potions of haste
 h - 2 potions of magic
 i - a potion of berserk rage
 n - a potion of resistance


   Skills:
 * Level 3.6 Fighting
 * Level 2.4 Maces & Flails
 + Level 3.6 Armour
 + Level 0.0 Dodging
 - Level 3.6 Shields


You couldn't memorise any spells.
You didn't know any spells.
Your spell library was empty.

Dungeon Overview and Level Annotations

Branches:
Dungeon (1/1)

Altars:
Dithmenos
Kikubaaqudgha
Makhleb
Okawaru
Qazlal
Trog
Uskayaw
Vehumet
Wu Jian
Yredelemnul
The Shining One

Shops:
D ?:(!!!!


Innate Abilities, Weirdness & Mutations

You have a pair of horns on your head.
You reflexively headbutt those who attack you in melee.


Message History

There is an entrance to Asaos's Bottled Wisdom here.
There is an entrance to Myebb's Distillery here.
There is an entrance to Kayxe's Distillery here.
There is a hide-covered altar of Uskayaw here.
There is a glowing golden altar of the Shining One here.
There is a basalt altar of Yredelemnul here.
Found a radiant altar of Vehumet.
Found Kihui's Staff Store and Guyrghei's Must-Have Magic.
Found an iron altar of Okawaru.
A shadow imp comes into view.
Found Beerav's Magic Scroll Shop.
The shadow imp shouts!
There is a radiant altar of Vehumet here.
A shadow imp comes into view.
The shadow imp shouts!
There is an iron altar of Okawaru here.
There is an entrance to Kihui's Staff Store here.
You barely miss the shadow imp. Your headbutt misses the shadow imp.
The shadow imp gestures at you. Pain shoots through your body!
Ouch! That really hurt!
You are too injured to fight recklessly!
You are too injured to fight recklessly!
You are too injured to fight recklessly!
You are too injured to fight recklessly!
You thump the shadow imp! Your headbutt misses the shadow imp.
The shadow imp is severely wounded.
The shadow imp hits you but does no damage.
You completely miss the shadow imp.
The shadow imp is severely wounded.
The shadow imp hits you.
* * * LOW HITPOINT WARNING * * *
The shadow imp disappears for a moment.
The shadow imp closely misses you. You furiously retaliate!
You headbutt the shadow imp, but do no damage.
You hit the shadow imp.
You kill the shadow imp!
Makhleb accepts your kill. The shadow imp hits you.
You die...

#### ##⌠⌠§# #.....
#.....# ∩.....5##
.......@# ......._#
........# ......._#
###.........###
#⌠...........⌠#
#.8.........8.######
......###......___∩##
..8. #.8........∩###


You could see a shadow imp.

Vanquished Creatures
  A shadow imp (D)
1 creature vanquished.

Notes
Turn   | Place    | Note
-------+----------+-------------------------------------------
     0 | D        | 123456 the Minotaur Fighter began the quest for the Orb.
     0 | D        | Reached XP level 1. HP: 19/19 MP: 0/0
     1 | D        | Found a shadowy altar of Dithmenos.
     1 | D        | Found a bloodstained altar of Trog.
     2 | D        | Found a burning altar of Makhleb.
     2 | D        | Found a stormy altar of Qazlal.
     3 | D        | Found an ornate altar of the Wu Jian Council.
     3 | D        | Found a hide-covered altar of Uskayaw.
     4 | D        | Found Uguxkier's Do-It-Yourself Clinic.
     4 | D        | Found a basalt altar of Yredelemnul.
     4 | D        | Found a glowing golden altar of the Shining One.
     4 | D        | Found Kayxe's Distillery.
     5 | D        | Found Asaos's Bottled Wisdom.
     5 | D        | Found Myebb's Distillery.
     5 | D        | Round 1.
     6 | D        | Found an ancient bone altar of Kikubaaqudgha.
    10 | D        | Became a worshipper of Makhleb the Destroyer
    13 | D        | Bought 3 potions of heal wounds for 105 gold pieces
    24 | D        | Found a radiant altar of Vehumet.
    26 | D        | Found an iron altar of Okawaru.
    26 | D        | Found Kihui's Staff Store.
    26 | D        | Found Guyrghei's Must-Have Magic.
    27 | D        | Found Beerav's Magic Scroll Shop.
    35 | D        | Slain by a shadow imp

Illustrated notes

Levels and vault maps discovered:
D:        arena_sprint

Action                     || total
---------------------------++-------
  Melee: Flail             ||     4
 Armour: Scale mail        ||     1
  Dodge: Dodged            ||     1

Table legend: (Time is in decaauts)
 A = Elapsed time spent in this place.
 B = Non-inter-level travel time spent in this place.
 C = Inter-level travel time spent in this place.
 D = Time resting spent in this place.
 E = Time spent auto-exploring this place.
 F = Levels seen in this place.
 G = Mean time per level.
                   A        B        C        D        E       F      G
               +--------+--------+--------+--------+--------+-----+--------+
         Total |     35 |     35 |      0 |      0 |      0 |   1 |   35.0 |
       Dungeon |     35 |     35 |      0 |      0 |      0 |   1 |   35.0 |
               +--------+--------+--------+--------+--------+-----+--------+

Top non-repeatable levels by time:
       D: 35 daAuts
